 Dungeon Crawl Stone Soup version 0.31.0-11-ge490571c62 (webtiles) character file.

Game seed: 11216364739531244288

30674 Baz the Fighter (level 13, 0/103 HPs)
             Began as a Djinni Fire Elementalist on Feb 8, 2024.
             Was a High Priest of Makhleb.
             Shot with an arrow by Nessos (4 damage)
             ... on level 4 of the Lair of Beasts.
             The game lasted 00:30:01 (14407 turns).

Baz the Fighter (Djinni Fire Elementalist)         Turns: 14407, Time: 00:30:02

Health: 0/103      AC:  4    Str:  7    XL:     13   Next: 90%
Gold:   595        EV: 18    Int: 19    God:    Makhleb [*****.] SH:  0 Dex: 17

rFire   + +          .
                       - Unarmed
rCold   x . .        (no shield)
rNeg    + . .        K - +2 robe {rN+}
rPois   ∞            r - melded +1 helmet
rElec   .            m - melded +0 cloak
rCorr   .            (gloves currently unavailable)
SInv    .            (boots unavailable)
Will    +....        (no amulet)
Stlth   ++           c - ring of wizardry
HPRegen 0.37/turn    h - +5 ring of evasion
MPRegen 0.00/turn

%: wizardry (x1), infuse magic (-1 HP)
@: beast-form, flying
A: beast (slay +4), flying, sickness immunity, fire resistance 2, cold
vulnerability 1, float, innate caster, HP casting, extra vitality 1
a: Begin Untransformation, Renounce Religion, Minor Destruction, Lesser Servant
of Makhleb, Major Destruction, Greater Servant of Makhleb


You were on level 4 of the Lair of Beasts.
You worshipped Makhleb.
Makhleb was extremely pleased with you.
You were a hulking beast.
You visited 3 branches of the dungeon, and saw 14 of its levels.
You also visited: Sewer.

You collected 595 gold pieces.

Inventory:

Missiles
 x - 2 throwing nets
Armour
 m - a +0 cloak (melded)
 r - a +1 helmet (melded)
 K - a +2 robe of positive energy (worn)
 N - a +2 cloak
Jewellery
 c - a ring of wizardry (left hand)
 h - a +5 ring of evasion (right hand)
 B - an amulet of faith
 O - a +5 ring of evasion
Talismans
 i - a maw talisman
 j - a blade talisman
 k - a beast talisman (active)
 G - a serpent talisman
Wands
 a - a wand of acid (1)
 y - a wand of flame (56)
 H - a wand of mindburst (5)
 I - a wand of polymorph (8)
 L - a wand of roots (3)
Scrolls
 d - 3 scrolls of teleportation
 e - 4 scrolls of revelation
 g - 3 scrolls of blinking
 n - 2 scrolls of fog
 o - 2 scrolls of summoning
 p - 2 scrolls of brand weapon
 t - 2 scrolls of enchant weapon {unknown}
 z - 2 scrolls of poison
 C - a scroll of vulnerability
 D - 3 scrolls of noise {unknown}
 E - 2 scrolls of torment {unknown}
 F - 2 scrolls of fear
 M - a scroll of enchant armour {unknown}
Potions
 b - 6 potions of lignification
 f - a potion of invisibility
 l - 6 potions of curing
 q - 3 potions of haste
 s - 5 potions of heal wounds
 u - 2 potions of might
 v - 3 potions of mutation
 w - 2 potions of magic
 A - 2 potions of attraction
 J - 3 potions of enlightenment {unknown}


   Skills:
 * Level 13.4 Fighting
 - Level 2.5 Dodging
 - Level 1.7 Stealth
 + Level 8.9 Unarmed Combat
 * Level 11.1 Spellcasting
 * Level 11.1 Conjurations
 * Level 11.1 Hexes
   Level 0.0 Charms
 * Level 11.1 Summonings
 * Level 11.1 Necromancy
 * Level 11.1 Translocations
   Level 0.0 Transmutations
 * Level 11.1 Fire Magic
 * Level 11.1 Ice Magic
 * Level 11.1 Air Magic
 * Level 11.1 Earth Magic
 * Level 11.1 Alchemy
 + Level 7.6 Shapeshifting


You knew the following spells:

 Your Spells              Type           Power      Damage    Failure   Level
a - Foxfire               Conj/Fire      100%       2x1d9     1%          1
b - Scorch                Fire           100%       2d9       1%          2
c - Volatile Blastmotes   Fire/Tloc      100%       2d18      1%          3
d - Inner Flame           Hex/Fire       52%        N/A       1%          3
e - Flame Wave            Conj/Fire      52%        2d13      1%          4
f - Sandblast             Erth           100%       2d20      1%          1
g - Searing Ray           Conj           100%       2d8       1%          2
h - Passwall              Erth           52%        N/A       1%          3
i - Frozen Ramparts       Ice            100%       1d16      1%          3
j - Lee's Rapid Deconstr  Erth           26%        3d14*     1%          5
k - Curse of Agony        Necr           52%        N/A       1%          5
Your spell library was empty.

Dungeon Overview and Level Annotations

Branches:
Dungeon (9/15)             Temple (1/1) D:4            Lair (4/5) D:9
 Shoals (0/4) Lair:2        Snake (0/4) Lair:2        Sewer (visited)
  Slime: Lair:4-5       Orc: D:9-12

Altars:
Ashenzari
Cheibriados
Dithmenos
Elyvilon
Fedhas
Gozag
Hepliaklqana
Makhleb
Nemelex Xobeh
Okawaru
Qazlal
Ru
Trog
Uskayaw
Wu Jian
Xom
Yredelemnul
Zin
The Shining One

Annotations:
Lair:2 1 runed translucent door, Weugil's ghost, journeyman HaBe
Lair:4 Nessos


Innate Abilities, Weirdness & Mutations

You are a hulking beast.
Your limbs bulge with bestial killing power. (Slay +4)
You are flying.
You are immune to sickness and miasma.
You are immune to poison.
Your flesh is very heat resistant. (rF++)
You are vulnerable to cold. (rC-)
You float through the air rather than walking.
You learn spells naturally, not from books.
Your magical power is your life essence.
You have superior vitality. (+4 MHP)


Message History

Nessos blinks!
The cane toad barely misses you.
Casting: Lee's Rapid Deconstruction (mildly dangerous; 1% risk of failure)
Confirm with . or Enter, or press ? or * to list all spells.
Flames lash the cane toad.
The cane toad is burned terribly!
You kill the cane toad!
Makhleb accepts your kill.
You feel better.
A nearby plant withers and dies.
Nessos casts a spell.
Nessos blinks!
Casting: Scorch (safe; 1% risk of failure)
Confirm with . or Enter, or press ? or * to list all spells.
Aiming: Lee's Rapid Deconstruction (mildly dangerous; 1% risk of failure)
Press: ? - help, Dir - move target A rock wall.
The wall shatters!
The blast of rock fragments hits Nessos!
Nessos is moderately wounded.
Nessos hits the plant!
Nessos kicks the plant.
Nessos mumbles some strange words.
Nessos blinks!
Unknown command.
Casting: Lee's Rapid Deconstruction (mildly dangerous; 1% risk of failure)
Confirm with . or Enter, or press ? or * to list all spells.
Aiming: Lee's Rapid Deconstruction (mildly dangerous; 1% risk of failure)
Press: ? - help, Dir - move target A rock wall.
The wall shatters!
The blast of rock fragments hits Nessos!
Nessos is heavily wounded.
A nearby plant withers and dies.
Nessos mumbles some strange words.
Nessos blinks!
Nessos wields a +3 longbow of flaming.
It bursts into flame!
Nessos shoots an arrow.
The arrow hits you! The arrow burns you.
Unknown command.
Nessos shoots an arrow.
The arrow hits you!! The arrow burns you.
* * * LOW HITPOINT WARNING * * *
Nessos shoots an arrow.
The arrow hits you!!
* * * LOW HITPOINT WARNING * * *
The arrow burns you.
You die...

#..###.#.......## ####
###........#
#########.......#
##P#.#.##P.......#
###......†.........# #.
#....c..(..<.......# #.
#####>................##
#.##.#...#.#........#....#
##(.##....###...h........##
#........###....#######<.###
#P#....####...### ##...#
###....####..## ##.##
#.....###..§## ##.#
.......#P..## ###
........c..# ...........#
.....>.....#


You could see Nessos (fast).

Vanquished Creatures
  Kirke (Lair:3)
  Snorg (Lair:3)
  2 hydras (Lair:3)
  2 two-headed ogres (D:9)
  3 skysharks
  Amaemon (Lair:3)
  2 black mambas
  5 elephants (Lair:3)
  9 cane toads
  An orange demon (Lair:3)
  Jeremiah (D:8)
  7 komodo dragons
  A hornet (D:8)
  8 blink frogs
  A snapping turtle (Lair:2)
  A shadow (D:7)
  49 yaks
  5 wyverns
  A water elemental (Lair:2)
  Eustachio (D:6)
  A hog (Lair:3)
  A basilisk (Lair:4)
  2 nagas (Lair:2)
  An acid dragon (D:9)
  14 water moccasins
  Pargi (Sewer)
  An orc warrior (D:9)
  4 ice beasts
  5 black bears
  4 ogres
  10 wolves (Lair:2)
  5 centaurs
  A kobold brigand (D:7)
  Blork the orc (D:5)
  12 bullfrogs
  A brain worm (Sewer)
  3 scorpions (D:5)
  3 wights (D:8)
  3 killer bees (D:7)
  2 howler monkeys
  2 electric eels (Lair:2)
  2 bombardier beetles
  3 hounds
  2 jellies
  4 orc priests
  A gnoll bouda (D:4)
  7 iguanas
  6 hell rats (Lair:3)
  4 orc wizards
  3 sleepcaps
  14 adders
  12 gnolls
  A white imp (D:5)
  3 ribbon worms
  4 dart slugs
  25 orcs
  4 endoplasms
  A giant cockroach (D:1)
  7 goblins
  6 hobgoblins
  5 quokkas
  9 ball pythons
  6 bats
  9 frilled lizards
  11 kobolds
  6 rats
334 creatures vanquished.

Vanquished Creatures (collateral kills)
  11 foxfires
11 creatures vanquished.

Vanquished Creatures (others)
  4 humans (Lair:3)
  A bullfrog (Lair:3)
  1599 foxfires
1604 creatures vanquished.

Grand Total: 1949 creatures vanquished

Notes
Turn   | Place    | Note
-------+----------+-------------------------------------------
     0 | D:1      | Baz the Djinni Fire Elementalist began the quest for the
                  | Orb.
     0 | D:1      | Baz set off with the following spells memorised: Foxfire,
                  | Scorch, Volatile Blastmotes, Inner Flame, Flame Wave.
     0 | D:1      | Reached XP level 1. HP: 15/15 MP: 0/0
   199 | D:1      | Reached XP level 2. HP: 19/21 MP: 0/0
   549 | D:1      | Found a faded altar of an unknown god.
   619 | D:1      | Reached skill level 1 in Fighting
   766 | D:2      | Reached XP level 3. HP: 25/27 MP: 0/0
   766 | D:2      | Learned a level 1 spell: Sandblast
   921 | D:2      | Reached XP level 4. HP: 30/33 MP: 0/0
  1096 | D:2      | Reached skill level 2 in Fighting
  1198 | D:2      | Reached skill level 1 in Shapeshifting
  1200 | D:2      | Reached XP level 5. HP: 28/39 MP: 0/0
  1200 | D:2      | Learned a level 2 spell: Searing Ray
  1775 | D:3      | You are sucked into a shaft and drop 2 floors!
  1775 | D:5      | Entered Level 5 of the Dungeon
  1910 | D:4      | Reached skill level 3 in Fighting
  1997 | D:4      | Reached XP level 6. HP: 40/46 MP: 0/0
  2051 | D:4      | Found a glowing drain.
  2068 | D:4      | Reached skill level 1 in Unarmed Combat
  2074 | Sewer    | Entered a sewer
  2227 | Sewer    | Noticed Pargi
  2233 | Sewer    | Killed Pargi
  2290 | Sewer    | Reached XP level 7. HP: 47/51 MP: 0/0
  2290 | Sewer    | Learned a level 3 spell: Passwall
  2446 | D:4      | Reached skill level 4 in Fighting
  2485 | D:4      | Found a staircase to the Ecumenical Temple.
  2506 | Temple   | Entered the Ecumenical Temple
  2542 | Temple   | Became a worshipper of Makhleb the Destroyer
  2776 | D:3      | Found a glowing silver altar of Zin.
  2778 | D:3      | Found a faded altar of an unknown god.
  3064 | D:4      | Found a bloodstained altar of Trog.
  3971 | D:4      | Found the +6 shillelagh "Devastator" {shatter}
  3972 | D:4      | Identified the +6 plate armour "Ashaggidd" {rPois Regen+
                  | SInv}
  3980 | D:4      | Reached XP level 8. HP: 49/58 MP: 0/0
  3997 | D:4      | Reached * piety under Makhleb
  3998 | D:4      | Reached skill level 5 in Spellcasting
  3998 | D:4      | Reached skill level 5 in Conjurations
  3998 | D:4      | Reached skill level 5 in Hexes
  3998 | D:4      | Reached skill level 5 in Summonings
  3998 | D:4      | Reached skill level 5 in Necromancy
  3998 | D:4      | Reached skill level 5 in Translocations
  3998 | D:4      | Reached skill level 5 in Fire Magic
  3998 | D:4      | Reached skill level 5 in Ice Magic
  3998 | D:4      | Reached skill level 5 in Air Magic
  3998 | D:4      | Reached skill level 5 in Earth Magic
  3998 | D:4      | Reached skill level 5 in Alchemy
  4205 | D:5      | Reached skill level 5 in Fighting
  4920 | D:5      | Noticed Blork the orc
  4929 | D:5      | Killed Blork the orc
  5298 | D:6      | Reached skill level 6 in Fighting
  5298 | D:6      | Reached XP level 9. HP: 66/66 MP: 0/0
  5298 | D:6      | Learned a level 3 spell: Frozen Ramparts
  5466 | D:6      | Noticed Eustachio
  5473 | D:6      | Killed Eustachio
  5486 | D:6      | Reached ** piety under Makhleb
  5851 | D:6      | Reached skill level 7 in Fighting
  6038 | D:6      | Found a snail-covered altar of Cheibriados.
  6690 | D:7      | Reached XP level 10. HP: 36/76 MP: 0/0
  6943 | D:7      | Found the +7 mace of Variability {chaos, chaos arc}
  7214 | D:7      | Reached skill level 8 in Fighting
  7422 | D:7      | Reached skill level 5 in Unarmed Combat
  7480 | D:8      | Reached *** piety under Makhleb
  7652 | D:8      | Found an opulent altar of Gozag.
  7669 | D:8      | Found a hazy altar of Hepliaklqana.
  7965 | D:8      | Noticed Jeremiah
  7990 | D:8      | Killed Jeremiah
  8143 | D:9      | Reached skill level 9 in Fighting
  8149 | D:9      | Reached skill level 5 in Shapeshifting
  8149 | D:9      | Reached XP level 11. HP: 79/84 MP: 0/0
  8149 | D:9      | Learned a level 5 spell: Lee's Rapid Deconstruction
  8385 | D:9      | Found a staircase to the Lair.
  8437 | D:9      | Noticed a two-headed ogre
  8446 | D:9      | Killed a two-headed ogre
  8447 | D:9      | Reached skill level 10 in Fighting
  8676 | D:9      | Noticed a two-headed ogre
  8690 | D:9      | Killed a two-headed ogre
  8959 | D:9      | Reached **** piety under Makhleb
  9038 | D:9      | Identified the +0 barding "Milutuit" {rPois rC- rCorr
                  | Int+3}
  9528 | Lair:1   | Entered Level 1 of the Lair of Beasts
  9542 | Lair:1   | Reached XP level 12. HP: 72/93 MP: 0/0
  9674 | Lair:1   | Reached skill level 11 in Fighting
 10449 | Lair:1   | Noticed a skyshark
 10457 | Lair:1   | HP: 4/94 [skyshark (12)]
 10458 | Lair:1   | Killed a skyshark
 11058 | Lair:2   | Found a runed translucent door.
 11297 | Lair:2   | Noticed a skyshark
 11307 | Lair:2   | Killed a skyshark
 11324 | Lair:2   | Reached skill level 10 in Spellcasting
 11324 | Lair:2   | Reached skill level 10 in Conjurations
 11324 | Lair:2   | Reached skill level 10 in Hexes
 11324 | Lair:2   | Reached skill level 10 in Summonings
 11324 | Lair:2   | Reached skill level 10 in Necromancy
 11324 | Lair:2   | Reached skill level 10 in Translocations
 11324 | Lair:2   | Reached skill level 10 in Fire Magic
 11324 | Lair:2   | Reached skill level 10 in Ice Magic
 11324 | Lair:2   | Reached skill level 10 in Air Magic
 11324 | Lair:2   | Reached skill level 10 in Earth Magic
 11324 | Lair:2   | Reached skill level 10 in Alchemy
 11340 | Lair:2   | Reached skill level 12 in Fighting
 11569 | Lair:2   | Reached ***** piety under Makhleb
 11634 | Lair:2   | Found a staircase to the Snake Pit.
 11657 | Lair:2   | Reached XP level 13. HP: 91/101 MP: 0/0
 11657 | Lair:2   | Learned a level 5 spell: Curse of Agony
 12116 | Lair:2   | Found a staircase to the Shoals.
 12276 | Lair:2   | Noticed Weugil's ghost (journeyman HaBe)
 12279 | Lair:2   | Identified the +7 trident "Juwoeb" {flame, ^Fragile rF+
                  | Int+2 SInv}
 12732 | Lair:3   | Noticed a four-headed hydra
 12744 | Lair:3   | Killed a four-headed hydra
 12747 | Lair:3   | Noticed Kirke
 12754 | Lair:3   | Killed Kirke
 12994 | Lair:3   | Reached skill level 13 in Fighting
 13187 | Lair:3   | Noticed a four-headed hydra
 13423 | Lair:3   | Noticed Snorg
 13575 | Lair:3   | Killed a four-headed hydra
 13771 | Lair:3   | Noticed Amaemon
 13818 | Lair:3   | Killed Amaemon
 14092 | Lair:3   | Killed Snorg
 14342 | Lair:4   | Noticed Nessos
 14407 | Lair:4   | HP: 4/103 [Nessos/arrow (24)]
 14407 | Lair:4   | Shot with an arrow by Nessos

Illustrated notes

Levels and vault maps discovered:
D:1:      dpeg_arrival_solitude, layout_rooms,
          shapermc_ecumenical_altar_pompeii, minmay_pentomino_p4
D:2:      layout_loops_ring
D:3:      layout_basic, nicolae_overflow_ecumenical_swirl
D:4:      layout_loops_corners, bloody_trog, vehumet_altar_wand_db,
          minmay_temple_entry_steel_oval, cheibrodos_sewer_entry_drain,
          chequers_serial_rivers_micro_b, dilly_guarded_unrand_devastator
D:5:      corexii_shack_village, layout_loops_corners, uniq_blork_the_orc
D:6:      layout_cave_pods, kennysheep_slug_shrine, uniq_eustachio
D:7:      layout_cave_pools, kennysheep_generic_room_6
D:8:      layout_basic, mainiacjoe_overflow_catwalk_spiral, uniq_jeremiah
D:9:      layout_roguey, due_lair_maze_entry_diamond, kennysheep_generic_room_13
Temple:   nicolae_temple_elliptical
Lair:1:   layout_regular_city, chequers_serial_rivers_small_b,
          beast_lair_carwin_2
Lair:2:   layout_chaotic_city, minmay_shoals_entry_hut,
          guppyfry_snake_entry_island, ebering_ghost_funeral_grove,
          serial_bayou_lake_a
Lair:3:   layout_big_grid, infiniplex_staircase_pool, uniq_amaemon, uniq_kirke,
          uniq_snorg
Lair:4:   layout_layer_cave, gammafunk_ghost_wrathful_warriors,
          chequers_serial_rivers_small_a, grunt_megastairs_5, lemuel_fruit_tree,
          uniq_nessos

Skill      XL: |  1  2  3  4  5  6  7  8  9 10 11 12 13 |
---------------+----------------------------------------+-----
Fighting       | 1 2 3 4 6 7 9 10 12 13 | 13.4
Shapeshifting  | 1 2 3 4 5 6 7 |  7.6
Spellcasting   | 4 5 6 7 9 10 11 | 11.1
Conjurations   | 4 5 6 7 9 10 11 | 11.1
Hexes          | 4 5 6 7 9 10 11 | 11.1
Summonings     | 4 5 6 7 9 10 11 | 11.1
Necromancy     | 4 5 6 7 9 10 11 | 11.1
Translocations | 4 5 6 7 9 10 11 | 11.1
Fire Magic     | 4 5 6 7 9 10 11 | 11.1
Ice Magic      | 4 5 6 7 9 10 11 | 11.1
Air Magic      | 4 5 6 7 9 10 11 | 11.1
Earth Magic    | 4 5 6 7 9 10 11 | 11.1
Alchemy        | 4 5 6 7 9 10 11 | 11.1
Unarmed Combat | 1 2 3 4 5 6 7 8 |  8.9
Dodging        | |  2.5
Stealth        | |  1.7

Action                     |  1- 3 |  4- 6 |  7- 9 | 10-12 | 13-15 || total
---------------------------+-------+-------+-------+-------+-------++-------
  Melee: Unarmed           |       |       |     6 |     8 |       ||    14
         Punch             |       |       |     1 |     1 |       ||     2
   Cast: Foxfire           |    70 |   131 |   279 |   222 |   203 ||   905
         Scorch            |     2 |     7 |    18 |    42 |    23 ||    92
         Flame Wave        |       |       |     8 |    29 |    13 ||    50
         Volatile Blastmot |       |       |       |     9 |       ||     9
         Frozen Ramparts   |       |       |       |    13 |     7 ||    20
         Lee's Rapid Decon |       |       |       |    39 |    31 ||    70
         Searing Ray       |       |       |       |     3 |       ||     3
    Use: Scroll            |       |       |       |    13 |     4 ||    17
         Potion            |       |       |       |     2 |       ||     2
 Armour: Robe              |     4 |     4 |    22 |    68 |    42 ||   140
         Skin              |       |       |       |     1 |       ||     1
  Dodge: Dodged            |    10 |     4 |    55 |    71 |    55 ||   195
   Form: Beast             |       |     1 |       |     1 |       ||     2
                           |       |       |       |     1 |       ||     1
